 Dungeon Crawl Stone Soup version 0.29-a0-878-g7b45a56547 (webtiles) character file.

Game seed: 6298942074914854318

156 xian the Slasher (level 5, 0/43 HPs)
             Began as a Palentonga Fighter on July 20, 2022.
             Constricted to death by Pikel (3 damage)
             ... on level 4 of the Dungeon.
             The game lasted 00:06:39 (2708 turns).

xian the Slasher (Palentonga Fighter)               Turns: 2708, Time: 00:06:40

Health: 0/43       AC:  9    Str: 22    XL:     5   Next: 14%
Magic:  5/5        EV:  4    Int:  8    God:
Gold:   108        SH:  5    Dex: 15    Spells: 4/4 levels left

rFire   . . .      SeeInvis +   a - +0 long sword
rCold   . . .      Faith    .   c - +0 buckler
rNeg    . . .      Spirit   .   b - +0 scale mail
rPois   .          Reflect  .   (no helmet)
rElec   .          Harm     .   (no cloak)
rCorr   .          Rampage  .   j - +2 pair of gloves
Will    .....                   (no barding)
Stlth   ..........              (no amulet)
HPRegen 0.14/turn               r - +6 ring of dexterity
MPRegen 0.09/turn               (no ring)

@: grasped by roots, constricted
A: large, rugged brown scales 3, see invisible, deformed body, roll 1, armoured
tail
a: Rolling Charge


You were on level 4 of the Dungeon.
You visited 1 branch of the dungeon, and saw 4 of its levels.

You collected 108 gold pieces.

Inventory:

Hand Weapons
 a - a +0 long sword (weapon)
Missiles
 t - 2 datura-tipped darts
 u - 4 poisoned darts
Armour
 b - a +0 scale mail (worn)
 c - a +0 buckler (worn)
 j - a +2 pair of gloves (worn)
Jewellery
 i - a ring of flight
 r - a +6 ring of dexterity (left hand)
Wands
 q - a wand of mindburst (12)
Scrolls
 f - 2 scrolls of enchant armour
 h - a scroll of poison {unknown}
 k - 2 scrolls of noise {unknown}
 o - 2 scrolls of teleportation
 p - a scroll of blinking {unknown}
 s - 2 scrolls of magic mapping
 w - a scroll of immolation {unknown}
Potions
 d - 2 potions of might
 e - 2 potions of flight
 g - a potion of resistance {unknown}
 l - a potion of brilliance {unknown}
 m - a potion of heal wounds
 n - a potion of curing {unknown}
 v - a potion of invisibility {unknown}


   Skills:
 + Level 3.4 Fighting
 + Level 4.1 Long Blades
 + Level 2.8 Armour
 + Level 1.0 Dodging
 + Level 3.1 Shields


You had 4 spell levels left.
You didn't know any spells.
Your spell library contained the following spells:

 Spells                   Type           Power      Damage    Failure   Level
 Apportation              Tloc           0%         N/A       80%         1
 Necrotise                Necr           0%         1d4       80%         1
 Summon Small Mammal      Summ           0%         N/A       80%         1


Dungeon Overview and Level Annotations

Branches:
Dungeon (4/15)
 Temple: D:4-7

Altars:
Nemelex Xobeh
Trog

Shops:
D:2 *   D:3 ?

Annotations:
D:4 Pikel


Innate Abilities, Weirdness & Mutations

You are completely covered in rugged brown scales. (AC +3, +7% HP)
You have supernaturally acute eyesight. (SInv)
Armour fits poorly on your strangely shaped body.
You can roll at nearby foes to attack.
You have a long armoured tail.


Message History

The goblin hits you with a +0 dagger. Robin hits you but does no damage.
You slash Robin!
You kill Robin!
The goblin hits you but does no damage.
Pikel, Merchant of Souls comes into view.
He is wielding a +0 whip of freezing and carrying a wand of roots (4).
Pikel shouts!
You hear a shout! x2
Items here: )))) [[ ††.
The goblin attacks as you move away! The goblin closely misses you.
You barely miss Pikel.
Your tail-slap misses Pikel.
The goblin no longer looks unusually strong.
The goblin hits you but does no damage.
Pikel hits you with a +0 whip of freezing.
Pikel freezes you.
* * * LOW HITPOINT WARNING * * *
The goblin hits you but does no damage. Pikel completely misses you.
You slash Pikel!
Pikel is moderately wounded.
The goblin hits you but does no damage.
Pikel says, "I touched Geryon's horn once."
Pikel zaps a wand.
The roots erupt in riotous growth!
The grasping roots grab you!
Pikel is unaffected.
The goblin is unaffected.
The grasping roots constrict you.
* * * LOW HITPOINT WARNING * * *
You hear a shout! x2; You hear an angry hiss. x2
You barely miss Pikel.
Your tail-slap misses Pikel.
Pikel is moderately wounded.
The goblin hits you but does no damage. You block Pikel's attack.
The grasping roots constrict you.
* * * LOW HITPOINT WARNING * * *
You barely miss Pikel.
Your tail-slap misses Pikel.
Pikel is moderately wounded.
A lemure comes into view.
Pikel says, "You'll rust in Dis!"
Pikel hits you with a +0 whip of freezing.
* * * LOW HITPOINT WARNING * * *
Pikel freezes you.
* * * LOW HITPOINT WARNING * * *
The grasping roots constrict you.
You die...

###### ##.... #...#
#.<.# #...# #...#
#...##########.#...
####.)K@g.)......#
#5#########.....
#)# .## #g#


ggg #.# #gg ### You could see Pikel, a lemure and a goblin.

Vanquished Creatures
  A hound (D:3)
  Robin (D:4)
  5 adders
  3 dart slugs
  3 bats
  2 endoplasms (D:2)
  3 giant cockroaches (D:2)
  14 goblins
  7 hobgoblins
  4 jackals (D:1)
  3 quokkas
  5 ball pythons
  4 frilled lizards
  2 kobolds
  5 rats
62 creatures vanquished.

Notes
Turn   | Place    | Note
-------+----------+-------------------------------------------
     0 | D:1      | xian the Palentonga Fighter began the quest for the Orb.
     0 | D:1      | Reached XP level 1. HP: 19/19 MP: 1/1
    99 | D:1      | Reached XP level 2. HP: 8/25 MP: 2/2
   794 | D:1      | Found a faded altar of an unknown god.
  1244 | D:2      | Reached XP level 3. HP: 31/31 MP: 3/3
  1504 | D:2      | Found Qeletet's Assorted Antiques.
  1532 | D:2      | Reached skill level 3 in Long Blades
  1612 | D:2      | Reached XP level 4. HP: 37/37 MP: 4/4
  2158 | D:3      | Found a sparkling altar of Nemelex Xobeh.
  2164 | D:3      | Found a bloodstained altar of Trog.
  2233 | D:3      | Found Odykiask's Magic Scroll Boutique.
  2548 | D:4      | Noticed a black bear
  2558 | D:3      | Reached skill level 4 in Long Blades
  2558 | D:3      | Reached skill level 1 in Dodging
  2670 | D:4      | Noticed Robin
  2673 | D:4      | Reached XP level 5. HP: 43/43 MP: 5/5
  2702 | D:4      | Killed Robin
  2702 | D:4      | Noticed Pikel
  2708 | D:4      | Noticed a lemure
  2708 | D:4      | Constricted to death by Pikel

Illustrated notes

Levels and vault maps discovered:
D:1:      minmay_arrival_open_corners, layout_basic,
          hellmonk_ecumenical_altar_prayer_group, grunt_decor_clamped
D:2:      layout_basic, serial_shops, shop, minmay_misc_feat_chi, minmay_tall_x
D:3:      layout_basic, mainiacjoe_overflow_big_doors, serial_shops,
          shop_scrolls
D:4:      layout_basic, minmay_temple_entry_fiery, corner_web_ring, uniq_pikel,
          uniq_duvessa, uniq_grinder, uniq_sigmund, uniq_robin

Skill      XL: |  1  2  3  4 |
---------------+-------------+-----
Shields        | 3 |  3.1
Long Blades    | 3 4 |  4.1
Dodging        | 1 |  1.0
Fighting       | |  3.4
Armour         | |  2.8

Action                   |  1- 3 |  4- 6 || total
-------------------------+-------+-------++-------
Melee: Long sword        |    99 |    70 ||   169
       Tailslap          |     8 |     9 ||    17
 Abil: Rolling Charge    |    22 |    17 ||    39
  Use: Scroll            |     3 |     1 ||     4
Armor: Scale mail        |    46 |    49 ||    95
Dodge: Dodged            |    37 |    19 ||    56
Block: Buckler           |    22 |    14 ||    36

Table legend: (Time is in decaauts)
 A = Elapsed time spent in this place.
 B = Non-inter-level travel time spent in this place.
 C = Inter-level travel time spent in this place.
 D = Time resting spent in this place.
 E = Time spent auto-exploring this place.
 F = Levels seen in this place.
 G = Mean time per level.
                   A        B        C        D        E       F      G
               +--------+--------+--------+--------+--------+-----+--------+
         Total |   2757 |   2675 |     82 |    162 |   1959 |   4 |  689.2 |
       Dungeon |   2757 |   2675 |     82 |    162 |   1959 |   4 |  689.2 |
               +--------+--------+--------+--------+--------+-----+--------+

Top non-repeatable levels by time:
     D:1: 1249 daAuts
     D:3: 754 daAuts
     D:2: 701 daAuts
     D:4: 50 daAuts
